 Dungeon Crawl Stone Soup version 0.22.1-6-g1668fe2c40 (webtiles) character file.

1177 LabCoat the Cleaver (level 8, 0/68 HPs)
             Began as a Hill Orc Fighter on Jan 27, 2019.
             Was an Initiate of Trog.
             Succumbed to a killer bee's poison
             ... on level 6 of the Dungeon.
             The game lasted 00:21:11 (6003 turns).

LabCoat the Cleaver (Hill Orc Fighter)              Turns: 6003, Time: 00:21:11

Health: 0/68       AC: 25    Str: 20    XL:     8   Next: 41%
Magic:  8/8        EV:  5    Int: 12    God:    Trog [......]
Gold:   109        SH: 11    Dex: 11    Spells: 7/7 levels left

rFire    + + .     SeeInvis .   a - +1 war axe
rCold    x . .     Gourm    .   c - +1 shield
rNeg     . . .     Faith    .   y - +12 chain mail "Piadenup" {Int+4}
rPois    .         Spirit   .   q - +1 helmet
rElec    .         Reflect  .   (no cloak)
rCorr    .         Harm     .   (no gloves)
MR       .....                  m - +0 pair of boots
Stlth    ..........             j - amulet of the acrobat
HPRegen  0.21/turn              l - ring of fire
MPRegen  0.11/turn              x - ring of protection from fire

@: lethally poisoned (0 -> -24), vulnerable
A: no striking features
a: Renounce Religion


You were on level 6 of the Dungeon.
You worshipped Trog.
Trog was noncommittal.
You were not hungry.

You visited 2 branches of the dungeon, and saw 7 of its levels.

You collected 249 gold pieces.
You spent 140 gold pieces at shops.

Inventory:

Hand Weapons
 a - a +1 war axe (weapon)
 b - a +3 flail
 e - a +3 flail of protection
 E - a +0 hunting sling
Missiles
 o - 54 sling bullets
 u - 8 tomahawks (quivered)
 D - 3 javelins
Armour
 c - a +1 shield (worn)
 m - a +0 pair of boots (worn)
 q - a +1 helmet (worn)
 y - the +12 chain mail "Piadenup" (worn) {Int+4}
   (You found it on level 5 of the Dungeon)

   It affects your intelligence (+4).
 I - a +0 plate armour
Jewellery
 j - an amulet of the acrobat (around neck)
 l - a ring of fire (left hand)
 x - a ring of protection from fire (right hand)
Wands
 s - a wand of iceblast (5)
Scrolls
 i - 5 scrolls of remove curse
 n - a scroll of magic mapping
 r - a scroll of fog
 t - a scroll of enchant weapon
 B - a scroll of enchant armour
 H - a scroll of teleportation {unknown}
Potions
 d - 3 potions of might
 g - a potion of invisibility
 h - a potion of magic
 k - 3 potions of curing
 p - a potion of ambrosia {unknown}
 v - a potion of agility {unknown}
 w - a potion of degeneration {unknown}
 z - 2 potions of brilliance {unknown}
 C - a potion of mutation {unknown}
 G - 4 potions of heal wounds
Comestibles
 f - 15 rations
 A - 4 chunks of flesh


   Skills:
 + Level 5.3 Fighting
 * Level 10.5 Axes
 + Level 4.7 Armour
 + Level 5.0 Shields


You had 7 spell levels left.
You didn't know any spells.
Your spell library was empty.

Dungeon Overview and Level Annotations

Branches:
Dungeon (6/15)             Temple (1/1) D:4

Altars:
Ashenzari
Cheibriados
Elyvilon
Fedhas
Gozag
Kikubaaqudgha
Makhleb
Nemelex Xobeh
Okawaru
Sif Muna
Trog
Vehumet
Wu Jian
Xom
Zin
The Shining One

Shops:
D:5 !


Message History

You closely miss the killer bee.
The killer bee is almost dead.
You hit the killer bee.
Your chain mail "Piadenup" prevents you from hitting the killer bee.
You closely miss the killer bee.
* * * LOW HITPOINT WARNING * * *
You feel very sick. You block the killer bee's attack. x2
The killer bee stings you but does no damage.
The killer bee barely misses you.
The killer bee stings you but does no damage.
You block the killer bee's attack.
The killer bee stings you but does no damage.
The killer bee completely misses you. The killer bee stings you.
* * * LOW HITPOINT WARNING * * *
You miss the killer bee.
The killer bee is almost dead.
Your shield and chain mail "Piadenup" prevent you from hitting the killer bee.
You closely miss the killer bee. You miss the killer bee.
You die...

.#..#.....'.........
.............##........
... ...#..#####........
. ......................
#.##.####..#####........
..........#............
####....................
......yyy............###
##..(@yy.......#####
##+####..#.....#
.....Y...........
......#..#####....
......#.## .... .....
#.# ... ..... #.# ####
#.# ..#


You could see 5 killer bees.

Vanquished Creatures
  Edmund (D:4)
  A phantom (D:5)
  A centaur (D:5)
  A scorpion (D:4)
  3 wights (D:6)
  2 crimson imps
  A bullfrog zombie (D:6)
  An orc priest (D:3)
  A bullfrog skeleton (D:4)
  An orc wizard (D:3)
  Ijyb (D:4)
  3 iguanas
  5 worker ants
  2 worker ant zombies (D:5)
  7 gnolls
  11 adders
  An ooze (D:1)
  An adder zombie (D:5)
  An adder skeleton (D:5)
  6 worms
  A dart slug (D:1)
  3 leopard geckos
  5 orcs
  5 bats
  6 giant cockroaches
  7 goblins
  5 hobgoblins
  3 jackals (D:3)
  6 kobolds
  4 quokkas
  2 ball pythons
  2 frilled lizards
  A quokka skeleton (D:4)
  10 rats
111 creatures vanquished.

Notes
Turn   | Place    | Note
-------+----------+-------------------------------------------
     0 | D:1      | LabCoat the Hill Orc Fighter began the quest for the Orb.
     0 | D:1      | Reached XP level 1. HP: 19/19 MP: 1/1
    95 | D:1      | Reached skill level 3 in Axes
    95 | D:1      | Reached XP level 2. HP: 24/27 MP: 2/2
   336 | D:1      | Reached XP level 3. HP: 31/33 MP: 3/3
   930 | D:2      | Reached skill level 4 in Axes
  1254 | D:2      | Reached XP level 4. HP: 37/40 MP: 4/4
  1475 | D:2      | Reached skill level 5 in Axes
  1712 | D:2      | Reached XP level 5. HP: 46/46 MP: 5/5
  2447 | D:3      | Reached skill level 6 in Axes
  2852 | D:3      | Reached XP level 6. HP: 49/52 MP: 6/6
  3140 | D:4      | Noticed Edmund
  3184 | D:4      | Killed Edmund
  3184 | D:4      | Reached skill level 7 in Axes
  3301 | D:4      | Reached XP level 7. HP: 60/60 MP: 7/7
  3423 | D:4      | Reached skill level 8 in Axes
  3689 | D:4      | Noticed Ijyb
  3702 | D:4      | Killed Ijyb
  3807 | D:4      | Found a staircase to the Ecumenical Temple.
  3882 | D:5      | Entered Level 5 of the Dungeon
  3945 | Temple   | Entered the Ecumenical Temple
  4027 | Temple   | Became a worshipper of Trog the Wrathful
  4333 | D:5      | Reached skill level 9 in Axes
  4632 | D:5      | Got a pitted chain mail
  4643 | D:5      | Identified the +12 chain mail "Piadenup" {Int+4} (You found
                  | it on level 5 of the Dungeon)
  4802 | D:5      | Reached skill level 5 in Fighting
  4802 | D:5      | Reached XP level 8. HP: 68/68 MP: 8/8
  4940 | D:5      | Found Geatil's Distillery.
  4944 | D:5      | Bought a potion of heal wounds for 70 gold pieces
  4944 | D:5      | Bought a potion of heal wounds for 70 gold pieces
  5174 | D:5      | Found a glowing golden altar of the Shining One.
  5174 | D:5      | Found a glowing silver altar of Zin.
  5175 | D:5      | Found a white marble altar of Elyvilon.
  5684 | D:6      | Reached skill level 10 in Axes
  5691 | D:6      | Reached skill level 5 in Shields
  6002 | D:6      | HP: 3/68 [killer bee (6)]
  6003 | D:6      | Succumbed to a killer bee's poison

Skill      XL: |  1  2  3  4  5  6  7  8 |
---------------+-------------------------+-----
Axes           | 3 4 5 6 7 9 10 | 10.5
Fighting       | 4 5 |  5.3
Shields        | 4 5 |  5.0
Armour         | 4 |  4.7

Action                   |  1- 3 |  4- 6 |  7- 9 || total
-------------------------+-------+-------+-------++-------
Melee: War axe           |   110 |   191 |   168 ||   469
  Use: Scroll            |     4 |     2 |     8 ||    14
       Potion            |       |     2 |       ||     2
  Eat: Chunk             |     1 |     4 |     2 ||     7
       Ration            |       |     1 |     2 ||     3
Armor: Scale mail        |    55 |    59 |    33 ||   147
       Chain mail        |       |       |    64 ||    64
Dodge: Dodged            |    49 |    58 |    49 ||   156
Block: Shield            |    62 |    73 |   109 ||   244
